 Dungeon Crawl Stone Soup version 0.30-a0-1082-g70414cbcbb (webtiles) character file.

Game seed: 9020357954938099609

780 DarkMailMan the Cleaver (level 7, -4/54 (59) HPs)
             Began as a Hill Orc Reaver on Apr 15, 2023.
             Was an Initiate of Ru.
             Slain by a wight
             ... wielding a +3 great sword
              (6 damage)
             ... on level 5 of the Dungeon.
             The game lasted 00:14:49 (4855 turns).

DarkMailMan the Cleaver (Hill Orc Reaver)           Turns: 4855, Time: 00:14:49

HP:   -4/54 (59)    AC: 20    Str: 21    XL:     7   Next: 85%
MP:   9/9           EV: 11    Int: 25    God:    Ru [......]
Gold: 32            SH:  0    Dex: 12    Spells: 6/9 levels left

rFire   + . .      SeeInvis .    a - +1 hand axe (protect)
rCold   . . .      Faith    +    (no shield)
rNeg    . . .      Spirit   .    o - +3 ring mail {Will+}
rPois   .          Reflect  .    d - +0 helmet
rElec   +          Rampage  .    s - +0 cloak
rCorr   +                        q - +0 pair of gloves
Will    +....                    r - +0 pair of boots Stlth
                                 l - amulet of Interdependent Arising {Faith rElec Int+4 Dex+3 Stlth-}
HPRegen 0.29/turn                c - +6 ring of strength
MPRegen 0.11/turn                n - ring "Lilex" {Drain rF+ rCorr Int+6}

@: under a protective aura, drained
A: no striking features
a: Renounce Religion


You were on level 5 of the Dungeon.
You worshipped Ru.
Ru was noncommittal.
You visited 2 branches of the dungeon, and saw 7 of its levels.

You collected 207 gold pieces.
You spent 175 gold pieces at shops.

Inventory:

Hand Weapons
 a - a +1 hand axe of protection (weapon)
Armour
 b - a +0 leather armour
 d - a +0 helmet (worn)
 o - a +3 ring mail of willpower (worn)
 q - a +0 pair of gloves (worn)
 r - a +0 pair of boots (worn)
 s - a +0 cloak (worn)
Jewellery
 c - a +6 ring of strength (left hand)
 j - a ring of wizardry
 l - the amulet of Interdependent Arising (around neck) {Faith rElec Int+4 Dex+3 Stlth-}
   (You found it on level 2 of the Dungeon)

   [amulet of faith]

   It allows you to gain divine favour quickly.
   Int:       It affects your intelligence (+4).
   Dex:       It affects your dexterity (+3).
   rElec:     It insulates you from electricity.
   Stlth:     It makes you less stealthy.
 m - a ring of positive energy
 n - the ring "Lilex" (right hand) {Drain rF+ rCorr Int+6}
   (You found it on level 2 of the Dungeon)

   [ring of intelligence]

   Int:       It affects your intelligence (+6).
   rF:        It protects you from fire.
   rCorr:     It protects you from acid and corrosion.
   Drain:     It drains your maximum health when unequipped.
 p - a ring of willpower
Scrolls
 e - a scroll of poison
 u - a scroll of vulnerability {unknown}
 w - a scroll of immolation
 x - 2 scrolls of fear
 y - a scroll of identify
Potions
 f - a potion of haste {unknown}
 g - 3 potions of degeneration
 h - 2 potions of attraction {unknown}
 i - 2 potions of flight {unknown}
 k - 2 potions of brilliance {unknown}
 t - a potion of mutation {unknown}
 v - a potion of lignification {unknown}
 z - a potion of magic {unknown}
 A - a potion of heal wounds {unknown}
 B - a potion of curing {unknown}


   Skills:
 + Level 4.1 Fighting
 + Level 8.5 Axes
 + Level 3.8 Armour
 + Level 2.8 Dodging
 + Level 0.5 Stealth
 + Level 1.9 Spellcasting
 + Level 3.4 Conjurations
 + Level 0.4 Necromancy


You had 6 spell levels left.
You knew the following spells:

 Your Spells              Type           Power      Damage    Failure   Level
a - Kiss of Death         Conj/Necr      48%        2d9       9%          1
b - Momentum Strike       Conj/Tloc      22%        3d8       14%         2

Your spell library contained the following spells:

 Spells                   Type           Power      Damage    Failure   Level
 Hailstorm                Conj/Ice       11%        3d5       26%         3
 Call Canine Familiar     Summ           2%         N/A       50%         3
 Portal Projectile        Hex/Tloc       4%         N/A       50%         3
 Leda's Liquefaction      Hex/Erth       1%         N/A       88%         4


Dungeon Overview and Level Annotations

Branches:
Dungeon (6/15)             Temple (1/1) D:4

Altars:
Elyvilon
Fedhas
Hepliaklqana
Kikubaaqudgha
Qazlal
Ru
Zin

Shops:
D:2 ?   D:4 :   D:5 [


Message History

The wight barely misses you.
You hit the wight.
The wight is heavily damaged.
The wight hits you with a +2 halberd of freezing.
The wight freezes you.
The wight hits you from afar with a +0 trident!
You hit the wight but do no damage.
The wight is heavily damaged.
The wight barely misses you. The wight hits you but does no damage.
You hit the wight.
The wight is almost destroyed.
The wight completely misses you. The wight closely misses you.
There is a stone staircase leading down here.
The wight attacks as you move away!
The wight hits you with a +3 great sword.
You feel drained.
Things that are here:
a +1 dire flail of holy wrath; a +0 chain mail
There is a stone staircase leading up, spattered with blood here.
The wight barely misses you.
You climb upwards.
There is a stone staircase leading down here.
You barely miss the wight. The wight closely misses you.
You slash the wight!
Your weapon exudes an aura of protection.
The wight is heavily damaged.
The wight hits you with a +3 great sword.
* * * LOW HITPOINT WARNING * * *
You feel drained.
You hit the wight but do no damage.
The wight is heavily damaged.
The wight completely misses you.
You hit the wight.
The wight is severely damaged.
You barely miss the wight.
The wight is severely damaged.
The wight hits you with a +3 great sword!
* * * LOW HITPOINT WARNING * * *
You feel drained.
You die...

#.########.#....##.#.....#
###'### #.......#.##....##.#
#.....###..#..###.#####..#..
#..'++.##.........######.###
#..'∩'.#.....#.#####.....#..
#..+++.####....# #.##.....
#......# #.########.#...#.#
#....#.# #z# #....#.....#
#....#.# #@#####.#####...##
#....#.# #................#
#....#.# #.#.##.####...##.#
######.####...##.##........#
#...#######.##.##...#.#
#.#### #....##.#####..#
#....# #.#####[#.......
####.###.# #.#.###...
#.....# #.#.# ####


You could see a wight.

Vanquished Creatures
  A water moccasin (D:4)
  An orc warrior (D:6)
  An ice beast (D:3)
  An ogre (D:4)
  2 scorpions (D:5)
  A hound (D:4)
  A jelly (D:4)
  A sleepcap (D:4)
  2 iguanas (D:5)
  5 adders
  A shadow imp (D:5)
  An ufetubus (D:5)
  A worm (D:3)
  2 dart slugs
  10 orcs
  7 endoplasms
  3 giant cockroaches
  4 goblins (D:1)
  7 hobgoblins
  3 jackals (D:1)
  6 kobolds
  2 quokkas
  10 ball pythons
  A bat (D:1)
  3 frilled lizards (D:1)
  6 rats
83 creatures vanquished.

Vanquished Creatures (others)
  3 plants (Temple)
3 creatures vanquished.

Grand Total: 86 creatures vanquished

Notes
Turn   | Place    | Note
-------+----------+-------------------------------------------
     0 | D:1      | DarkMailMan the Hill Orc Reaver began the quest for the
                  | Orb.
     0 | D:1      | Reached XP level 1. HP: 18/18 MP: 3/3
   112 | D:1      | Reached XP level 2. HP: 18/25 MP: 4/4
   354 | D:1      | Reached XP level 3. HP: 24/30 MP: 5/5
   854 | D:2      | Identified the amulet of Interdependent Arising {Faith
                  | rElec Int+4 Dex+3 Stlth-}
   900 | D:2      | Found Yrcholein's Magic Scroll Shop.
   922 | D:2      | Reached skill level 1 in Armour
   923 | D:2      | Reached skill level 5 in Axes
   996 | D:2      | Identified the ring "Lilex" {Drain rF+ rCorr Int+6}
  1066 | D:2      | Reached XP level 4. HP: 20/29 MP: 6/6
  1512 | D:2      | Learned a level 2 spell: Momentum Strike
  1638 | D:3      | Noticed an ice beast
  1652 | D:3      | Killed an ice beast
  1653 | D:3      | Reached XP level 5. HP: 27/44 MP: 7/7
  1878 | D:3      | Found a blossoming altar of Fedhas.
  1893 | D:3      | Found a glowing silver altar of Zin.
  2000 | D:3      | Reached skill level 6 in Axes
  2537 | D:4      | Found a stormy altar of Qazlal.
  2610 | D:4      | Found Vuigo's Tiny Tomes.
  2841 | D:4      | Noticed an ogre
  2859 | D:4      | Killed an ogre
  2860 | D:4      | Reached XP level 6. HP: 14/46 MP: 6/8
  2995 | D:4      | Reached skill level 7 in Axes
  3228 | D:4      | Found a staircase to the Ecumenical Temple.
  3290 | Temple   | Entered the Ecumenical Temple
  3345 | Temple   | Became a worshipper of Ru the Awakened
  3522 | D:5      | Entered Level 5 of the Dungeon
  3531 | D:5      | Noticed a water moccasin
  3545 | D:4      | Killed a water moccasin
  3546 | D:4      | Reached XP level 7. HP: 13/51 MP: 6/9
  3994 | D:5      | Found Noxuff Fote's Antique Armour Shop.
  4000 | D:5      | Bought a shiny ring mail for 175 gold pieces
  4225 | D:5      | Reached skill level 8 in Axes
  4470 | D:5      | Found an ancient bone altar of Kikubaaqudgha.
  4855 | D:5      | HP: 2/56 [wight/+3 great sword (13)]
  4855 | D:5      | Slain by a wight

Illustrated notes

Levels and vault maps discovered:
D:1:      dpeg_arrival_houses_and_road, layout_basic, minmay_pentomino_v2
D:2:      layout_rooms, serial_shops, nicolae_diamond_shop
D:3:      layout_loops_cross, mainiacjoe_overflow_swirl, nrook_uturn,
          chequers_serial_rivers_micro_e
D:4:      layout_gridville, mainiacjoe_overflow_boulevard,
          minmay_temple_entry_statues, grunt_decor_arrowhead,
          nicolae_shop_i_like_small_books_too, minmay_ruptured
D:5:      layout_basic, mainiacjoe_overflow_cross_hatched, serial_shops,
          nicolae_shop_tiny_real_fake_doors
D:6:      layout_basic, nicolae_overflow_crystal_walls, lightli_church_of_beogh
Temple:   minmay_temple_forest_path

Skill      XL: |  1  2  3  4  5  6  7 |
---------------+----------------------+-----
Armour         | 1 2 3 |  3.8
Axes           | 5 6 7 8 |  8.5
Dodging        | 2 |  2.8
Fighting       | 3 4 |  4.1
Stealth        | |  0.5
Spellcasting   | |  1.9
Conjurations   | |  3.4
Necromancy     | |  0.4

Action                     |  1- 3 |  4- 6 |  7- 9 || total
---------------------------+-------+-------+-------++-------
  Melee: Hand axe          |    87 |   139 |   113 ||   339
         Punch             |     1 |       |     4 ||     5
   Cast: Kiss of Death     |     2 |     5 |       ||     7
    Use: Scroll            |       |     6 |     4 ||    10
 Armour: Leather armour    |    38 |    49 |    15 ||   102
         Ring mail         |       |       |    29 ||    29
  Dodge: Dodged            |    68 |    71 |    64 ||   203

Table legend: (Time is in decaauts)
 A = Elapsed time spent in this place.
 B = Non-inter-level travel time spent in this place.
 C = Inter-level travel time spent in this place.
 D = Time resting spent in this place.
 E = Time spent auto-exploring this place.
 F = Levels seen in this place.
 G = Mean time per level.
                   A        B        C        D        E       F      G
               +--------+--------+--------+--------+--------+-----+--------+
         Total |   4847 |   4822 |     25 |    533 |   2317 |   7 |  692.4 |
       Dungeon |   4763 |   4738 |     25 |    533 |   2317 |   6 |  793.8 |
        Temple |     83 |     83 |      0 |      0 |      0 |   1 |   83.0 |
               +--------+--------+--------+--------+--------+-----+--------+

Top non-repeatable levels by time:
     D:4: 1122 daAuts
     D:5: 1067 daAuts
     D:3: 882 daAuts
     D:1: 847 daAuts
     D:2: 777 daAuts
  Temple: 83 daAuts
     D:6: 66 daAuts
